 Dungeon Crawl Stone Soup version 0.27-a0-1200-g94dc6ad4cf (webtiles) character file.

Game seed: 2911815785973014901

1007 polve the Cleaver (level 8, 0/58 HPs)
             Began as a Demonspawn Berserker on May 30, 2021.
             Was a Priest of Trog.
             Slain by an iguana (5 damage)
             ... on level 5 of the Dungeon.
             The game lasted 00:04:34 (5312 turns).

polve the Cleaver (Demonspawn Berserker)            Turns: 5312, Time: 00:04:34

Health: 0/58       AC: 10    Str: 19    XL:     8   Next: 0%
Magic:  8/8        EV:  7    Int:  9    God:    Trog [***...]
Gold:   369        SH:  4    Dex: 13    Spells: 7/7 levels left

rFire    . . .     SeeInvis .   p - +0 war axe
rCold    . . .     Faith    .   (no shield)
rNeg     . . .     Spirit   .   m - +0 chain mail
rPois    .         Reflect  .   (no helmet)
rElec    .         Harm     .   d - +0 cloak
rCorr    .         Rampage  .   (no gloves)
Will     .....                  (no boots)
Stlth    ..........             (no amulet)
HPRegen  0.19/turn              (no ring)
MPRegen  0.11/turn              (no ring)

@: no status effects
A: hooves 1, powered by pain 1, sharp scales 1, condensation shield
a: Renounce Religion, Berserk, Trog's Hand


You were on level 5 of the Dungeon.
You worshipped Trog.
Trog was most pleased with you.
You visited 1 branch of the dungeon, and saw 5 of its levels.
You also visited: Sewer.

You collected 369 gold pieces.

Inventory:

Hand Weapons
 a - a +0 hand axe
 p - a +0 war axe (weapon)
Missiles
 v - a throwing net
Armour
 b - a +0 animal skin
 d - a +0 cloak (worn)
 e - a +0 leather armour
 h - a +0 ring mail
 m - a +0 chain mail (worn)
 s - a +2 pair of boots
Jewellery
 g - a ring of magical power
Wands
 j - a wand of acid (7)
 w - a wand of polymorph (10)
Scrolls
 c - 3 scrolls of enchant armour {unknown}
 k - 2 scrolls of blinking {unknown}
 l - 2 scrolls of magic mapping {unknown}
 q - 2 scrolls of identify {unknown}
 r - 5 scrolls of teleportation {unknown}
 y - a scroll of fog {unknown}
Potions
 f - a potion of flight {unknown}
 i - a potion of magic {unknown}
 n - 2 potions of heal wounds {unknown}
 o - a potion of cancellation {unknown}
 t - a potion of berserk rage {unknown}
 u - a potion of invisibility {unknown}
 x - 2 potions of curing {unknown}
 z - 2 potions of ambrosia {unknown}
 A - a potion of might {unknown}
 B - a potion of lignification {unknown}


   Skills:
 - Level 3.0 Fighting
 + Level 9.0 Axes
 - Level 1.7 Armour
 - Level 1.7 Dodging


You had 7 spell levels left.
You didn't know any spells.
Your spell library was empty.

Dungeon Overview and Level Annotations

Branches:
Dungeon (5/15)             Temple (0/1) D:4           Sewer (visited)

Altars:
Fedhas
Kikubaaqudgha


Innate Abilities, Weirdness & Mutations

You have large cloven feet.
You sometimes gain a little power by taking damage.
You are partially covered in razor-sharp scales. (AC +1, Slay +1)
A meltable shield of frost defends you. (SH +4)


Message History

B - an amethyst potion An iguana comes into view.
The iguana hisses angrily.
Found 11 gold pieces.
An iguana is nearby!
The iguana bites you. The iguana bites you. The iguana closely misses you.
The iguana barely misses you. The iguana bites you.
The iguana closely misses you.
The iguana bites you but does no damage.
The iguana bites you but does no damage.
The iguana bites you but does no damage.
The iguana bites you. The iguana bites you!
The iguana bites you but does no damage.
The iguana completely misses you. The iguana barely misses you.
You block the iguana's attack. The iguana bites you!
The iguana bites you but does no damage.
The iguana bites you. The iguana completely misses you. The iguana bites you.
The iguana barely misses you. You block the iguana's attack.
You block the iguana's attack. The iguana closely misses you.
The iguana bites you. The iguana bites you!
* * * LOW HITPOINT WARNING * * *
You block the iguana's attack. The iguana bites you.
* * * LOW HITPOINT WARNING * * *
The iguana closely misses you. The iguana barely misses you.
You block the iguana's attack. The iguana bites you.
You die...

#........... ##
#.......#.#....#.... ...
#.......#.<..[......
....#.......#...##.#....
...#.......###.##.#....
..........# #....#..^.
#.......# ######...#
#.......# ........#
#.@..# .........
......l##.# ....##..
.$....$ #.# ....####
.......##.#########.....
.......+......#.###..#..
.......######.#.#.......
....... #...#........)
....... #.###....<....
#.# #.###.....


You could see an iguana.

Vanquished Creatures
  A water moccasin (Sewer)
  2 ogres
  2 phantoms (D:5)
  A scorpion (D:5)
  A water moccasin skeleton (D:5)
  A bullfrog skeleton (D:5)
  A bullfrog zombie (D:4)
  A jelly (D:5)
  An orc priest (D:5)
  3 iguanas
  An orc wizard (D:5)
  A killer bee zombie (D:5)
  4 gnolls (D:4)
  9 adders
  3 worms
  2 dart slugs
  7 orcs
  A bat zombie (D:4)
  5 endoplasms
  4 giant cockroaches
  8 goblins
  6 hobgoblins
  12 jackals
  5 kobolds
  4 quokkas
  5 ball pythons
  12 bats
  5 frilled lizards
  5 rats
  2 rat zombies (D:4)
  7 bushes (D:3)
122 creatures vanquished.

Notes
Turn   | Place    | Note
-------+----------+-------------------------------------------
     0 | D:1      | polve the Demonspawn Berserker began the quest for the Orb.
     0 | D:1      | Reached XP level 1. HP: 18/18 MP: 1/1
    89 | D:1      | Reached skill level 3 in Axes
   219 | D:1      | Gained mutation: You are partially covered in razor-sharp
                  | scales. (AC +1, Slay +1) [demonic ancestry]
   219 | D:1      | Reached XP level 2. HP: 24/24 MP: 2/2
   459 | D:1      | Reached ** piety under Trog
   583 | D:1      | Gained mutation: A meltable shield of frost defends you.
                  | (SH +4) [demonic ancestry]
   583 | D:1      | Reached XP level 3. HP: 29/29 MP: 3/3
   908 | D:2      | Reached skill level 4 in Axes
  1421 | D:2      | Reached XP level 4. HP: 35/35 MP: 4/4
  1567 | D:2      | Found a faded altar of an unknown god.
  1969 | D:3      | Reached skill level 5 in Axes
  2556 | D:3      | Found a blossoming altar of Fedhas.
  2583 | D:3      | Reached XP level 5. HP: 41/41 MP: 5/5
  2938 | D:4      | Found a glowing drain.
  2958 | Sewer    | Entered a sewer
  2961 | Sewer    | Reached *** piety under Trog
  3158 | Sewer    | Noticed a water moccasin
  3168 | Sewer    | Killed a water moccasin
  3169 | Sewer    | Reached skill level 6 in Axes
  3169 | Sewer    | Gained mutation: You have large cloven feet. [demonic
                  | ancestry]
  3169 | Sewer    | Reached XP level 6. HP: 47/47 MP: 6/6
  3309 | D:4      | Found a staircase to the Ecumenical Temple.
  3374 | D:4      | Reached skill level 7 in Axes
  4085 | D:4      | Found an ancient bone altar of Kikubaaqudgha.
  4173 | D:5      | Entered Level 5 of the Dungeon
  4190 | D:5      | Reached XP level 7. HP: 52/52 MP: 7/7
  4348 | D:5      | Reached skill level 8 in Axes
  5033 | D:5      | Reached skill level 9 in Axes
  5033 | D:5      | Gained mutation: You sometimes gain a little power by
                  | taking damage. [demonic ancestry]
  5033 | D:5      | Reached XP level 8. HP: 58/58 MP: 8/8
  5312 | D:5      | Slain by an iguana

Illustrated notes

Levels and vault maps discovered:
D:1:      minmay_arrival_loop, layout_basic, serial_glass, glass_columns_c,
          glass_columns_a, glass_columns_b, glass_columns_b, glass_columns_b,
          glass_columns_a, glass_columns_c, glass_columns_b,
          due_unseen_surprise, item_on_display_a, feat_on_display
D:2:      layout_basic, hellmonk_ecumenical_altar_crossroads,
          roderic_three_in_a_row, minmay_tetromino_l4
D:3:      layout_basic, fedhas_altar_3, kennysheep_flooded_box, st_stairs_12,
          minmay_hedge_maze, hangedman_decor_opposing
D:4:      layout_basic, lemuel_zombie_altar_kikubaaqudgha,
          minmay_temple_entry_offerings, portal_sewer_entry_d
D:5:      minmay_diamond_boxcup, layout_basic

Skill      XL: |  1  2  3  4  5  6  7 |
---------------+----------------------+-----
Axes           | 3 4 5 6 7 9 |  9.0
Fighting       | |  3.0
Armour         | |  1.7
Dodging        | |  1.7

Action                   |  1- 3 |  4- 6 |  7- 9 || total
-------------------------+-------+-------+-------++-------
Melee: Hand axe          |   122 |    46 |       ||   168
       War axe           |       |   353 |    68 ||   421
       Kick              |       |    13 |    17 ||    30
Invok: Berserk           |     2 |     4 |     1 ||     7
Armor: Animal skin       |    14 |       |       ||    14
       Leather armour    |    37 |       |       ||    37
       Ring mail         |     8 |     1 |       ||     9
       Chain mail        |       |   131 |    39 ||   170
Dodge: Dodged            |   101 |    77 |    28 ||   206
Block: Other             |     9 |    41 |    16 ||    66

Table legend: (Time is in decaauts)
 A = Elapsed time spent in this place.
 B = Non-inter-level travel time spent in this place.
 C = Inter-level travel time spent in this place.
 D = Time resting spent in this place.
 E = Time spent auto-exploring this place.
 F = Levels seen in this place.
 G = Mean time per level.
                   A        B        C        D        E       F      G
               +--------+--------+--------+--------+--------+-----+--------+
         Total |   5495 |   5351 |    144 |    215 |   3930 |   6 |  915.8 |
       Dungeon |   5185 |   5041 |    144 |    214 |   3731 |   5 | 1037.0 |
         Sewer |    309 |    309 |      0 |      1 |    199 |   1 |  309.0 |
               +--------+--------+--------+--------+--------+-----+--------+

Top non-repeatable levels by time:
     D:3: 1178 daAuts
     D:5: 1154 daAuts
     D:4: 1049 daAuts
     D:1: 924 daAuts
     D:2: 879 daAuts
   Sewer: 309 daAuts
